 Dungeon Crawl Stone Soup version 0.26-a0-712-ga5a9c9c9d0 (webtiles) character file.

Game seed: 16919006927468049459

(classic levelgen) 46 EnegeticOcto the Covered (level 3, -11/34 HPs)
             Began as a Deep Dwarf Fighter on Nov 4, 2020.
             Killed from afar by a white imp (12 damage)
             ... with a puff of frost
             ... on level 7 of the Dungeon.
             The game lasted 00:00:31 (350 turns).

EnegeticOcto the Covered (Deep Dwarf Fighter)        Turns: 350, Time: 00:00:32

Health: -11/34     AC: -1    Str: 20    XL:     3   Next: 44%
Magic:  3/3        EV:  7    Int:  8    God:
Gold:   25         SH:  9    Dex: 12    Spells: 2/2 levels left

rFire    . . .     SeeInvis .   a - +0 war axe
rCold    . . .     Faith    .   c - +0 kite shield
rNeg     . . .     Spirit   .   b - +0 scale mail
rPois    .         Reflect  .   (no helmet)
rElec    .         Harm     .   (no cloak)
rCorr    .         Rampage  .   (no gloves)
MR       .....                  (no boots)
Stlth    ..........             (no amulet)
HPRegen  0.00/turn              (no ring)
MPRegen  0.08/turn              (no ring)

@: corroded, non-regenerating
A: damage resistance, heal wounds, sense surroundings 1, no regeneration
a: Heal Wounds


You were on level 7 of the Dungeon.
You visited 1 branch of the dungeon, and saw 5 of its levels.

You collected 25 gold pieces.

Inventory:

Hand Weapons
 a - a +0 war axe (weapon)
Armour
 b - a +0 scale mail (worn)
 c - a +0 kite shield (worn)
Jewellery
 i - an uncursed ring of protection from fire {unknown}
Scrolls
 e - a scroll of fog {unknown}
 f - a scroll of identify {unknown}
 h - a scroll of blinking {unknown}
 j - 2 scrolls of remove curse {unknown}
 k - a scroll of teleportation {unknown}
Potions
 d - a potion of might {@q3}
 g - a potion of brilliance {unknown}


   Skills:
 + Level 3.0 Fighting
 * Level 3.2 Axes
 + Level 3.7 Armour
 + Level 3.6 Shields


You had 2 spell levels left.
You didn't know any spells.
Your spell library was empty.

Dungeon Overview and Level Annotations

Branches:
Dungeon (7/15)
 Temple: D:4-7

Altars:


Innate Abilities, Weirdness & Mutations

You are resistant to damage.
You can heal yourself by infusing magical energy.
You passively map a small area around you.
You do not regenerate.


Message History

A jelly comes into view.
The jelly quivers.
Found 19 sling bullets.
You can't go up here!
A white imp comes into view.
The white imp shouts, "Quit, thou canting ruttish lout!"
You block the jelly's attack.
You hit the jelly.
Your hands burn!
The jelly is lightly wounded.
You block the jelly's attack.
You hit the jelly.
Your hands burn!
The jelly is moderately wounded.
You block the jelly's attack.
You hit the jelly.
Your hands burn!
The jelly is moderately wounded.
You block the jelly's attack.
The jelly jiggles.
The jelly barely misses you.
You slash the jelly!
Your hands burn!
The jelly is almost dead.
The jelly hits you but does no damage. x2
You hit the jelly. The acid corrodes you!
Your hands burn!
The jelly is almost dead.
You block the jelly's attack.
Your shield and scale mail prevent you from hitting the jelly.
The jelly is almost dead.
The jelly hits you but does no damage.
You hit the jelly but do no damage. The acid corrodes you!
Your hands burn!
The jelly is almost dead.
The jelly hits you.
You are splashed with acid!
* * * LOW HITPOINT WARNING * * *
The jelly barely misses you.
You are too injured to fight recklessly!
You are too injured to fight recklessly!
You are too injured to fight recklessly!
You are too injured to fight recklessly!
You are too injured to fight recklessly!
You are too injured to fight recklessly!
You are too injured to fight recklessly!
You are too injured to fight recklessly!
You are too injured to fight recklessly!
You are too injured to fight recklessly!
You are too injured to fight recklessly!
You are too injured to fight recklessly!
You are too injured to fight recklessly!
You feel much better. You block the jelly's attack.
You slash the jelly!
You kill the jelly!
Your Fighting skill increases to level 3!
Your Axes skill increases to level 3!
You have reached level 3!
Your experience leads to an increase in your attributes!
Increase (s)trength, (i)ntelligence, or (d)exterity?
You feel stronger. You block the white imp's attack.
You hit the white imp but do no damage. The white imp hits you.
The white imp freezes you.
You barely miss the white imp. The white imp hits you.
The white imp freezes you. The white imp hits you. The white imp freezes you.
You barely miss the white imp. The white imp hits you.
The white imp freezes you.
You hit the white imp but do no damage. The white imp gestures at you.
The puff of frost hits you!
You are too injured to fight recklessly!
You are too injured to fight recklessly!
You are too injured to fight recklessly!
You are too injured to fight recklessly!
You are too injured to fight recklessly!
You are too injured to fight recklessly!
You are too injured to fight recklessly!
You are too injured to fight recklessly!
You are too injured to fight recklessly!
You are too injured to fight recklessly!
You are too injured to fight recklessly!
You are too injured to fight recklessly!
You are too injured to fight recklessly!
You are too injured to fight recklessly!
You are too injured to fight recklessly!
You are too injured to fight recklessly!
You are too injured to fight recklessly!
You are too injured to fight recklessly!
You are too injured to fight recklessly!
You are too injured to fight recklessly!
You barely miss the white imp. The white imp gestures at you.
You block the puff of frost. The white imp gestures at you.
The puff of frost hits you!
* * * LOW HITPOINT WARNING * * *
The white imp hits you. The white imp freezes you.
* * * LOW HITPOINT WARNING * * *
You block the white imp's attack. The white imp hits you.
* * * LOW HITPOINT WARNING * * *
The white imp freezes you.
* * * LOW HITPOINT WARNING * * *
The white imp gestures at you. The puff of frost hits you!
You die...

#..##.## * #.# .#
# *#.....#####
#.###.#.# ,
###.......#
#.#..<. , *
*#....####.#
#..... , #..##.#
#.# #...# , , ,
..# #.# #.# #...#
* * .#
#.####.####...# #
#.............###
##.....#####@...#
#.##### #5##.#
#^# #.# # #.#
#.#* * * #.# #.#
, #.# #.# , ,
***#.# ** * #.# *
, , , ,, ..#


You could see a white imp.

Vanquished Creatures
  A jelly (D:7)
  An adder zombie (D:7)
  A leopard gecko (D:2)
  An orc (D:3)
  2 bats (D:3)
  2 hobgoblins (D:3)
  3 kobolds
  A rat (D:1)
12 creatures vanquished.

Notes
Turn   | Place    | Note
-------+----------+-------------------------------------------
     0 | D:1      | EnegeticOcto the Deep Dwarf Fighter began the quest for the
                  | Orb.
     0 | D:1      | Reached XP level 1. HP: 20/20 MP: 1/1
   241 | D:3      | Reached XP level 2. HP: 22/27 MP: 2/2
   291 | D:4      | You fall into a shaft and drop 3 floors!
   341 | D:7      | Reached XP level 3. HP: 34/34 MP: 3/3
   349 | D:7      | HP: 1/34 [white imp (3)]
   350 | D:7      | Killed from afar by a white imp

Illustrated notes

Levels and vault maps discovered:
D:1:      erik_arrival_orb_chamber, layout_basic, minmay_tetromino_s2
D:2:      layout_basic
D:3:      layout_loops_ring, lemuel_zombie_altar_kikubaaqudgha,
          minmay_splitting_lines, small_statue_intersection, ashenzari_altar_1
D:4:      layout_rooms, marbit_many_paths, makhleb_blood_cavern_becter,
          nicolae_overflow_crystal_walls, temple_fountains, serial_shops,
          nicolae_shop_waterfront, shop
D:7:      layout_loops_ring, nicolae_ru_sacrificial_ziggurat,
          lemuel_crystal_altar, tso_metal_star, uniq_harold, uniq_joseph

Skill      XL: |  1  2 |
---------------+-------+-----
Fighting       | 3 |  3.0
Axes           | 3 |  3.2
Armour         | |  3.7
Shields        | |  3.6

Action                   || total
-------------------------++-------
Melee: War axe           ||    45
 Abil: Heal Wounds       ||     1
Armor: Scale mail        ||    17
Dodge: Dodged            ||     8
Block: Kite shield       ||    24

Table legend: (Time is in decaauts)
 A = Elapsed time spent in this place.
 B = Non-inter-level travel time spent in this place.
 C = Inter-level travel time spent in this place.
 D = Time resting spent in this place.
 E = Time spent auto-exploring this place.
 F = Levels seen in this place.
 G = Mean time per level.
                   A        B        C        D        E       F      G
               +--------+--------+--------+--------+--------+-----+--------+
         Total |    369 |    303 |     66 |      0 |    165 |   5 |   73.8 |
       Dungeon |    369 |    303 |     66 |      0 |    165 |   5 |   73.8 |
               +--------+--------+--------+--------+--------+-----+--------+

Top non-repeatable levels by time:
     D:3: 128 daAuts
     D:1: 97 daAuts
     D:2: 73 daAuts
     D:7: 66 daAuts
     D:4: 3 daAuts
